Map: Dusk Towers

Players

IIIIIIIIIIII (State) - Winner!

  • Race: Protoss Protoss
  • League: Grandmaster

IlllllIIIlll

  • Race: Terran Terran
  • League: Grandmaster

VOD

Have the link to the VOD?

Description

Time

  • Played on: March 20, 2016, 11:42 p.m.
  • Length: 9:11
Show
View Real Time Build Order
Export as new Build Order

IIIIIIIIIIII Protoss - Winner!

Build Orders: 1 Gate Expand, Oracle Opening 

Get SALT Encoding   

  12  0:01  Probe (Chrono Boost)  
  13  0:11  Probe (Chrono Boost)  
  14  0:17  Pylon  
  14  0:22  Probe (Chrono Boost)  
  16  0:35  Probe (Chrono Boost)  
  16  0:36  Gateway  
  16  0:43  Assimilator  
  16  0:46  Probe (Chrono Boost)  
  17  0:56  Probe (Chrono Boost)  
  18  1:07  Probe (Chrono Boost)  
  19  1:18  Probe (Chrono Boost)  
  20  1:27  Nexus  
  20  1:35  Cybernetics Core  
  21  1:40  Probe (Chrono Boost)  
  21  1:48  Assimilator  
  21  1:52  Probe (Chrono Boost)  
  22  1:57  Pylon  
  22  2:03  Probe (Chrono Boost)  
  23  2:13  Warp Gate  
  27  2:15  Adept  
  27  2:16  Mothership Core (Chrono Boost)  
  27  2:22  Pylon  
  27  2:34  Probe (Chrono Boost)  
  28  2:41  Probe (Chrono Boost)  
  28  2:43  Stargate  
  29  2:45  Probe (Chrono Boost)  
  29  2:46  Adept  
  32  2:52  Probe (Chrono Boost)  
  32  2:57  Probe (Chrono Boost)  
  32  2:58  Assimilator  
  34  3:03  Probe (Chrono Boost)  
  35  3:06  Assimilator  
  35  3:08  Probe (Chrono Boost)  
  36  3:13  Probe (Chrono Boost)  
  36  3:18  Probe (Chrono Boost)  
  38  3:23  Probe (Chrono Boost)  
  39  3:29  Probe (Chrono Boost)  
  39  3:31  Oracle (Chrono Boost)  
  39  3:32  Probe  
  43  3:39  Pylon  
  43  3:40  Probe  
  45  3:43  Probe  
  46  3:52  Probe  
  46  3:53  Probe  
  48  3:56  Pylon  
  48  4:01  Stargate  
  48  4:05  Fleet Beacon  
  48  4:07  Probe (Chrono Boost)  
  48  4:09  Probe (Chrono Boost)  
  50  4:13  Protoss Air Weapons Level 1  
  50  4:19  Probe x2 (Chrono Boost)  
  52  4:32  Pylon  
  52  4:34  Probe (Chrono Boost)  
  52  4:35  Probe (Chrono Boost)  
  54  4:45  Probe x2 (Chrono Boost)  
  56  4:53  Tempest x2 (Chrono Boost)  
  64  5:00  Gateway x2  
  64  5:07  Gateway  
  64  5:11  Twilight Council, Forge  
  65  5:22  Pylon  
  64  5:36  Tempest (Chrono Boost)  
  64  5:40  Tempest (Chrono Boost)  
  72  5:47  Resonating Glaives  
  72  5:53  Protoss Ground Weapons Level 1 (Chrono Boost)  
  72  5:59  Nexus  
  72  6:09  Pylon  
  72  6:10  Pylon  
  72  6:15  Adept  
  72  6:16  Adept x3  
  80  6:21  Pylon  
  80  6:25  Pylon  
  80  6:31  Pylon  
  80  6:34  Probe x2  
  82  6:45  Tempest x2 (Chrono Boost)  
  90  6:58  Probe x2  
  92  7:05  Adept x4  
  100  7:10  Probe x3  
  103  7:22  Probe x2  
  111  7:25  Probe  
  112  7:30  Assimilator  
  112  7:34  Probe, Assimilator  
  113  7:40  Probe  
  113  7:41  Probe  
  115  7:46  Probe  
  115  7:50  Probe  
  120  7:52  Pylon  
  120  7:53  Probe  
  120  7:54  Pylon  
  122  7:58  Sentry  
  122  8:01  Gateway  
  122  8:03  Gateway  
  124  8:06  Gateway  
  124  8:08  Gateway  
  124  8:12  Gateway  
  124  8:19  Adept x3  
  126  8:25  Tempest (Chrono Boost)  
  126  8:26  Pylon  
  130  8:27  Tempest (Chrono Boost)  
  134  8:38  Adept  
  136  9:04  Adept x4  
Show
View Real Time Build Order
Export as new Build Order

IlllllIIIlll Terran 

Build Orders: Reaper Expand, MMM Bio 

Get SALT Encoding   

  12  0:00  SCV  
  13  0:12  SCV  
  14  0:17  Supply Depot  
  14  0:25  SCV  
  15  0:38  SCV  
  15  0:41  Barracks  
  16  0:46  Refinery  
  16  0:50  SCV  
  17  1:03  SCV  
  18  1:15  SCV  
  19  1:28  Orbital Command  
  19  1:29  Reaper  
  20  1:40  Command Center  
  20  1:53  SCV  
  21  1:57  Supply Depot  
  21  2:02  Barracks Reactor  
  21  2:05  SCV  
  22  2:17  SCV  
  23  2:23  Command Center  
  23  2:29  SCV  
  24  2:32  Barracks  
  24  2:39  Marine x2  
  24  2:41  SCV  
  27  2:48  Barracks  
  27  2:55  Orbital Command  
  27  2:59  SCV  
  27  3:04  Marine  
  27  3:05  Marine  
  30  3:11  SCV  
  31  3:19  Barracks Tech Lab, Engineering Bay  
  31  3:22  SCV, Marine x2  
  31  3:25  SCV  
  35  3:34  SCV  
  35  3:35  Orbital Command  
  35  3:37  SCV  
  35  3:41  Bunker  
  36  3:45  Marauder  
  36  3:47  Marine  
  39  3:49  Marine  
  39  3:50  Marine  
  39  3:54  Stimpack  
  41  3:56  SCV  
  41  3:57  SCV  
  41  4:01  SCV  
  44  4:07  Factory  
  44  4:09  Refinery  
  45  4:10  SCV, Marine  
  45  4:12  Marine  
  45  4:14  Marine  
  46  4:18  Missile Turret  
  45  4:25  SCV  
  45  4:26  Missile Turret  
  45  4:27  SCV  
  47  4:34  Barracks Tech Lab, Marine  
  47  4:35  SCV, Marine  
  47  4:37  Marine  
  51  4:40  SCV  
  51  4:41  SCV  
  51  4:42  Supply Depot  
  53  4:46  Terran Infantry Weapons Level 1  
  53  4:48  SCV  
  53  4:52  SCV  
  55  4:54  Marine x3  
  55  4:55  Bunker  
  55  4:59  Refinery  
  58  5:00  SCV  
  58  5:02  SCV  
  60  5:07  Supply Depot  
  60  5:08  Supply Depot  
  60  5:12  Starport  
  60  5:19  Factory Reactor  
  60  5:20  SCV x3  
  63  5:21  Marine x4  
  67  5:32  SCV x2  
  69  5:37  Refinery  
  69  5:39  Marine  
  69  5:42  Marine x3  
  72  5:43  Barracks  
  72  5:46  Barracks  
  73  5:54  SCV x3  
  73  5:57  Marine  
  73  6:00  Starport  
  73  6:01  Combat Shields  
  73  6:03  Medivac  
  74  6:06  SCV x2  
  74  6:07  SCV  
  74  6:10  Marine x2  
  74  6:11  Marine  
  79  6:14  Marine  
  80  6:21  SCV  
  80  6:27  Viking  
  80  6:28  Marine x3  
  85  6:38  SCV, Marine x2  
  88  6:41  Marine  
  88  6:46  Marine x3  
  91  6:50  SCV  
  87  6:55  Orbital Command  
  87  6:56  Marine x2  
  87  6:59  Marine  
  87  7:01  Medivac  
  90  7:02  Medivac  
  90  7:07  SCV x2  
  90  7:17  Viking  
  90  7:19  SCV  
  90  7:20  SCV  
  90  7:22  SCV  
  91  7:30  Medivac  
  91  7:33  Barracks Reactor  
  91  7:34  SCV  
  92  7:37  SCV  
  92  7:39  SCV  
  93  7:46  SCV  
  93  7:48  Marine x2  
  93  7:49  Marine  
  93  7:53  Marine  
  93  7:56  Refinery x2, SCV  
  93  7:59  Supply Depot x2  
  93  8:08  Supply Depot  
  93  8:20  SCV, Marine x5, Medivac  
  93  8:21  SCV x2, Marine x2, Viking x2  
  109  8:33  SCV x3  
  112  8:38  Marine x5  
  117  8:43  Marine  
  117  8:44  Marine  
  117  8:45  SCV x2  
Tags
 
Add a new tag
Caveats
  • Supply blocks, unpowered buildings, or Contaminate may cause inaccurate times.
  • Supply counts are checked every 10 seconds.